 Dungeon Crawl Stone Soup version 0.29.1-14-g9c671dbff4 (webtiles) character file.

Game seed: 12495692305442183690

2146 tizbic2 the Protected (level 9, -5/55 HPs)
             Began as a Gargoyle Fighter on Feb 15, 2023.
             Was an Initiate of Hepliaklqana.
             Slain by a gargoyle
             ... wielding a +0 mace
              (13 damage)
             ... on level 6 of the Dungeon.
             The game lasted 00:22:09 (6849 turns).

tizbic2 the Protected (Gargoyle Fighter)            Turns: 6849, Time: 00:22:09

Health: -5/55      AC: 20    Str: 24    XL:     9   Next: 31%
Magic:  9/9        EV:  8    Int:  9    God:    Hepliaklqana [......]
Gold:   416        SH:  5    Dex:  9    Spells: 8/8 levels left

rFire   . . .      SeeInvis .   f - +1 flail
rCold   . . .      Faith    .   c - +0 buckler
rNeg    + . .      Spirit   .   q - +0 chain mail
rPois   ∞          Reflect  .   g - +0 helmet
rElec   +          Harm     .   (no cloak)
rCorr   +          Rampage  .   y - +0 pair of gloves
Will    .....                   (no boots)
Stlth   ..........              (no amulet)
HPRegen 0.18/turn               k - ring of wizardry
MPRegen 0.11/turn               u - ring of resist corrosion

@: no status effects
A: sickness immunity, AC +6, negative energy resistance 1, electricity
resistance, torment resistance 1, petrification resistance
a: Renounce Religion


You were on level 6 of the Dungeon.
You worshipped Hepliaklqana.
Hepliaklqana was noncommittal.
You visited 2 branches of the dungeon, and saw 7 of its levels.

You collected 416 gold pieces.

Inventory:

Hand Weapons
 a - a +0 mace
 e - a +0 battleaxe
 f - a +1 flail (weapon)
 t - a +3 spear
 w - a +0 sling
Missiles
 h - 23 stones (quivered)
 l - 5 boomerangs
 p - 2 silver javelins
 z - 4 poisoned darts
Armour
 b - a +0 scale mail
 c - a +0 buckler (worn)
 g - a +0 helmet (worn)
 q - a +0 chain mail (worn)
 y - a +0 pair of gloves (worn)
Magical Staves
 v - a staff of air
Jewellery
 k - a ring of wizardry (left hand)
 u - a ring of resist corrosion (right hand)
Wands
 r - a wand of paralysis (18)
 D - a wand of quicksilver (7)
Scrolls
 i - a scroll of magic mapping
 A - 2 scrolls of teleportation
 C - a scroll of identify
 E - a scroll of acquirement {unknown}
Potions
 d - a potion of might
 j - a potion of mutation {unknown}
 m - 2 potions of ambrosia
 n - 2 potions of curing
 o - a potion of invisibility {unknown}
 s - a potion of haste
 x - 2 potions of attraction {unknown}
 B - a potion of degeneration {unknown}


   Skills:
 + Level 6.2 Fighting
 + Level 5.2 Maces & Flails
 * Level 8.4 Armour
 * Level 8.3 Shields


You had 8 spell levels left.
You didn't know any spells.
Your spell library contained the following spells:

 Spells                   Type           Power      Damage    Failure   Level
 Foxfire                  Conj/Fire      0%         2x1d4     71%         1
 Magic Dart               Conj           0%         1d3       71%         1
 Call Imp                 Summ           0%         N/A       83%         2
 Conjure Flame            Conj/Fire      0%         6-21      96%         3
 Inner Flame              Hex/Fire       0%         N/A       96%         3
 Mephitic Cloud           Conj/Pois/Air  0%         N/A       96%         3
 Flame Wave               Conj/Fire      0%         2d4       100%        4


Dungeon Overview and Level Annotations

Branches:
Dungeon (6/15)             Temple (1/1) D:6

Altars:
Ashenzari
Dithmenos
Elyvilon
Fedhas
Gozag
Hepliaklqana
Makhleb
Nemelex Xobeh
Okawaru
Ru
Sif Muna
Uskayaw
Wu Jian
Yredelemnul

Shops:
D:2 =

Annotations:
D:5 Prince Ribbit
D:6 4 runed translucent doors


Innate Abilities, Weirdness & Mutations

You are immune to sickness and miasma.
Your stone body is resilient. (AC +6)
You are immune to poison.
You resist negative energy. (rN+)
You are resistant to electric shocks. (rElec)
You are resistant to unholy torment.
You are immune to petrification.


Message History

The ogre is heavily wounded.
The ogre hits you but does no damage.
You sock the ogre!
The ogre is almost dead.
You thump the ogre!
You kill the ogre!
You hit the gargoyle but do no damage. The gargoyle hits you with a +0 mace.
You barely miss the gargoyle. The gargoyle hits you with a +0 mace.
You hit the gargoyle but do no damage.
The gargoyle hurls a stone arrow at you.
You block the stone arrow.
You closely miss the gargoyle.
The gargoyle hits you but does no damage.
The gargoyle hits you with a +0 mace.
You hit the gargoyle but do no damage. The gargoyle hits you with a +0 mace.
An ice beast comes into view.
You hit the gargoyle but do no damage.
The gargoyle hurls a stone arrow at you.
The stone arrow hits you!
You hit the gargoyle but do no damage. The gargoyle closely misses you.
You hit the gargoyle but do no damage. The gargoyle hits you with a +0 mace!
You hit the gargoyle but do no damage. The gargoyle hits you with a +0 mace.
The gargoyle hits you but does no damage.
You hit the gargoyle but do no damage. The gargoyle hits you with a +0 mace.
* * * LOW HITPOINT WARNING * * *
You hit the gargoyle.
The gargoyle is lightly damaged.
A howler monkey comes into view.
The gargoyle hurls a stone arrow at you.
The stone arrow hits you.
* * * LOW HITPOINT WARNING * * *
You barely miss the gargoyle.
The gargoyle is lightly damaged.
The howler monkey howls!
The gargoyle hurls a stone arrow at you.
You block the stone arrow.
You hit the gargoyle but do no damage.
The gargoyle is lightly damaged.
The gargoyle hits you with a +0 mace!
You die...

##..##8?|8##.# #.#
####...#8....8#.# #.#
.......+.....W+.###########.#
.......+......+........>....#
'###...#8....8#.#######.#####
...'...##8))8##....# #.#
........######.....## #.#
....###+# #'###..# #.# .#.##
#.#@##.# #.## .#.#
##.#9#.###..##### .#.#
###Y#..........# .#.#
h#.##..#.##.## .#.#
.#.#...#.##..# ...## ###
##.#.###.###.# )...######..#
..##.##.##.## #............
.####.....# ...+......... .#
##...##


You could see a gargoyle, an ice beast and a howler monkey.

Vanquished Creatures
  Eustachio (D:5)
  2 steam dragons (D:6)
  Menkaure (D:5)
  Duvessa (D:4)
  2 black bears
  An ogre (D:6)
  A centaur (D:6)
  A kobold brigand (D:6)
  2 scorpions
  A necrophage (D:6)
  2 wights (D:6)
  A wyvern zombie (D:6)
  Dowan (D:4)
  A centaur zombie (D:6)
  A bullfrog zombie (D:6)
  A human zombie (D:6)
  A jelly (D:5)
  7 hounds
  An iguana (D:4)
  Natasha (thrice) (D:2)
  A killer bee zombie (D:6)
  4 mummies (D:6)
  A gnoll (D:3)
  12 adders
  A shadow imp (D:6)
  A white imp (D:6)
  3 dart slugs (D:2)
  5 orcs
  2 bats
  7 endoplasms
  6 giant cockroaches
  6 goblins
  A hobgoblin (D:1)
  20 jackals
  2 quokkas
  9 ball pythons
  3 frilled lizards
  11 kobolds
  4 rats
  A spectral hobgoblin (D:1)
132 creatures vanquished.

Vanquished Creatures (others)
  A kobold (D:6)
1 creature vanquished.

Grand Total: 133 creatures vanquished

Notes
Turn   | Place    | Note
-------+----------+-------------------------------------------
     0 | D:1      | tizbic2 the Gargoyle Fighter began the quest for the Orb.
     0 | D:1      | Reached XP level 1. HP: 14/14 MP: 1/1
   180 | D:1      | Reached XP level 2. HP: 19/19 MP: 2/2
   616 | D:1      | Reached XP level 3. HP: 23/23 MP: 3/3
   704 | D:1      | Found a faded altar of an unknown god.
  1322 | D:2      | Noticed Natasha
  1335 | D:2      | Killed Natasha
  1336 | D:2      | Reached XP level 4. HP: 19/29 MP: 4/4
  1428 | D:2      | Noticed Natasha
  1442 | D:2      | Killed Natasha
  1564 | D:2      | Noticed Natasha
  1615 | D:2      | Killed Natasha
  1616 | D:2      | Reached XP level 5. HP: 16/33 MP: 5/5
  1902 | D:2      | Found Qieng's Jewellery Boutique.
  2384 | D:3      | Found a white marble altar of Elyvilon.
  2526 | D:3      | Found a shimmering blue altar of Sif Muna.
  2672 | D:3      | Reached skill level 5 in Armour
  2672 | D:3      | Reached XP level 6. HP: 11/38 MP: 6/6
  2681 | D:3      | Reached skill level 5 in Shields
  3184 | D:4      | Noticed Duvessa
  3184 | D:4      | Noticed Dowan
  3197 | D:4      | Killed Duvessa
  3206 | D:4      | Killed Dowan
  3207 | D:4      | Reached XP level 7. HP: 21/44 MP: 7/7
  3633 | D:4      | Found a broken altar of Ashenzari.
  4202 | D:5      | Entered Level 5 of the Dungeon
  4250 | D:5      | Noticed Eustachio
  4270 | D:5      | Killed Eustachio
  4567 | D:5      | Reached skill level 5 in Fighting
  4799 | D:5      | Found a sacrificial altar of Ru.
  4886 | D:5      | Found a shadowy altar of Dithmenos.
  4912 | D:5      | Noticed Menkaure
  4929 | D:5      | Killed Menkaure
  4930 | D:5      | Reached XP level 8. HP: 36/49 MP: 8/8
  5109 | D:5      | Noticed Prince Ribbit
  5505 | D:6      | Found a hide-covered altar of Uskayaw.
  6181 | D:6      | Reached XP level 9. HP: 46/55 MP: 9/9
  6254 | D:6      | Reached skill level 5 in Maces & Flails
  6256 | D:6      | Found a basalt altar of Yredelemnul.
  6446 | D:6      | Found a staircase to the Ecumenical Temple.
  6456 | Temple   | Entered the Ecumenical Temple
  6494 | Temple   | Became a worshipper of Hepliaklqana the Forgotten
  6677 | D:6      | Found a large runed translucent door.
  6677 | D:6      | Found a large runed translucent door.
  6694 | D:6      | Found a large runed translucent door.
  6694 | D:6      | Found a large runed translucent door.
  6829 | D:6      | Noticed a gargoyle
  6849 | D:6      | Slain by a gargoyle

Illustrated notes

Levels and vault maps discovered:
D:1:      scummos_arrival_forest, layout_loops_ring,
          dreamdust_ecumenical_altar_drowned_temple, minmay_worlds_worst_comb
D:2:      layout_rooms, serial_shops, nicolae_shop_waterfront, uniq_natasha
D:3:      layout_rooms, lemuel_doored_altar, kennysheep_orc_sif_temple,
          hangedman_decor_opposing, cheibrodos_gnoll_hut
D:4:      layout_loops_corners, mainiacjoe_overflow_alcove_4, uniq_duvessa
D:5:      layout_basic, mainiacjoe_overflow_alcove_2,
          mainiacjoe_overflow_tiny_flanked, nicolae_overflow_hidden_temple,
          uniq_eustachio, uniq_menkaure, uniq_prince_ribbit1
D:6:      layout_basic, lemuel_mausoleum_altar_yredelemnul,
          kennysheep_mini_moat, minmay_temple_entry_drinking_statues,
          hex_intersection, minmay_hollow_rounded_squares
Temple:   hellmonk_temple_of_storms

Skill      XL: |  1  2  3  4  5  6  7  8  9 |
---------------+----------------------------+-----
Armour         | 4 5 6 7 8 |  8.4
Shields        | 4 5 6 7 8 |  8.3
Fighting       | 4 5 6 |  6.2
Maces & Flails | 3 4 5 |  5.2

Action                   |  1- 3 |  4- 6 |  7- 9 || total
-------------------------+-------+-------+-------++-------
Melee: Flail             |    45 |    14 |   272 ||   331
       Mace              |    71 |   191 |     2 ||   264
       Spear             |       |       |    56 ||    56
 Fire: Sling             |       |    28 |       ||    28
Throw: Stone             |       |       |     3 ||     3
Evoke: Wand              |       |       |     2 ||     2
  Use: Scroll            |       |     4 |     6 ||    10
       Potion            |       |     2 |     3 ||     5
Armor: Scale mail        |    95 |    93 |       ||   188
       Chain mail        |       |    58 |   310 ||   368
Dodge: Dodged            |    67 |   106 |   147 ||   320
Block: Buckler           |    32 |    58 |   111 ||   201
